 Dungeon Crawl Stone Soup version 0.21-a0-2-ge494091 (webtiles) character file.

27 Klosterheim the Poker (level 3, 0/28 HPs)
             Began as a Merfolk Skald on May 21, 2017.
             Splashed by a jelly's acid (5 damage)
             ... on level 1 of the Dungeon.
             The game lasted 00:01:08 (924 turns).

Klosterheim the Poker (Merfolk Skald)                Turns: 924, Time: 00:01:09

Health: 0/28       AC:  3    Str: 11    XL:     3   Next: 10%
Magic:  6/6        EV: 12    Int: 13    God:
Gold:   64         SH:  0    Dex: 13    Spells: 5/6 levels left

rFire    . . .     SeeInvis .   a - +0 spear
rCold    . . .     Gourm    .   (no shield)
rNeg     . . .     Faith    .   b - +0 leather armour
rPois    .         Spirit   .   (no helmet)
rElec    .         Reflect  .   (no cloak)
rCorr    .         Harm     .   (no gloves)
MR       .....                  (no boots)
Stlth    +.........             (no amulet)
Regen    0.1/turn               (no ring)
MPRegen  0.1/turn               (no ring)

@: no status effects
A: change form in water, swift swim, stealthy swim
a: no special abilities


You were on level 1 of the Dungeon.
You were not hungry.

You visited 1 branch of the dungeon, and saw 1 of its levels.

You collected 64 gold pieces.

Inventory:

Hand Weapons
 a - a +0 spear (weapon)
Armour
 b - a +0 leather armour (worn)
Jewellery
 j - an uncursed amulet of magic regeneration {unknown}
Scrolls
 e - 2 scrolls of identify {unknown}
 h - a scroll of remove curse {unknown}
 i - a scroll of fog {unknown}
Books
 c - a book of Battle

   Spells                             Type                      Level
   a - Infusion                       Charms                       1
   b - Shroud of Golubria             Charms/Translocation         2
   c - Song of Slaying                Charms                       2
   d - Spectral Weapon                Hexes/Charms                 3
   e - Regeneration                   Charms/Necromancy            3
Comestibles
 d - a bread ration
 f - a chunk of flesh
 g - a royal jelly


   Skills:
 + Level 2.7 Fighting
 * Level 4.5 Polearms
 - Level 0.6 Armour
 - Level 2.6 Dodging
 - Level 2.0 Spellcasting
 - Level 3.2 Charms


You had 5 spell levels left.
You knew the following spells:

 Your Spells              Type           Power        Failure   Level  Hunger
a - Infusion              Chrm           #...         9%          1    ##.....


Dungeon Overview and Level Annotations

Branches:
Dungeon (1/15)

Altars:


Message History

The jackal is severely wounded.
The jackal bites you but does no damage.
You closely miss the jackal.
The jackal is severely wounded.
You hit the jelly.
Your hands burn!
The jelly is moderately wounded.
The jackal completely misses you. The jelly hits you but does no damage.
You hit the jelly.
Your hands burn!
The jelly is severely wounded.
The jackal barely misses you. The jelly hits you.
You are splashed with acid!
The acid burns!
* * * LOW HITPOINT WARNING * * *
Some of the chunks of flesh in your inventory have rotted away.
You hit the jelly.
Your hands burn!
* * * LOW HITPOINT WARNING * * *
The jelly is almost dead.
The jackal closely misses you. The jelly hits you but does no damage.
The jackal bites you but does no damage.
You hit the jelly.
Your hands burn!
You die...

.#......................# #.##
.#####...#####..#######.######...
.....'...#..............[..#.'..(
######...#.###############.#.#...
########...#.............#.#.....
......>.>..#.....rr......#.#.#...
.#######...#....hwhrw....#.#.#...
.# #...#######J#######...#### .#
#...#....@Jh......#...#### .#
#...'⌠...h###....⌠+.......
.#######...#......<......#..####.
.......#...#..⌠...>...⌠..#.## #.
#####......###+#######'###.# #.
#.........[............# #.
#......................# #.
#....)...........#####.## #.
#....)...........# #..# #.


You could see 2 worms, a jelly, an ooze, 4 jackals and 3 rats.

Vanquished Creatures
  2 oozes (D:1)
  A leopard gecko (D:1)
  3 giant cockroaches (D:1)
  A goblin (D:1)
  A hobgoblin (D:1)
  3 bats (D:1)
  A frilled lizard (D:1)
  2 kobolds (D:1)
  6 rats (D:1)
20 creatures vanquished.

Notes
Turn   | Place    | Note
-------+----------+-------------------------------------------
     0 | D:1      | Klosterheim the Merfolk Skald began the quest for the Orb.
     0 | D:1      | Reached XP level 1. HP: 16/16 MP: 3/3
     0 | D:1      | Noticed a jelly
     1 | D:1      | Found a runed door.
   258 | D:1      | Reached XP level 2. HP: 18/23 MP: 5/5
   391 | D:1      | Reached skill level 4 in Polearms
   915 | D:1      | Reached XP level 3. HP: 25/28 MP: 6/6
   924 | D:1      | Splashed by a jelly's acid

Vault maps used:
D:1:      dpeg_arrival_caged_fury, grunt_decor_one_mirror, amethyst_killhole,
          minmay_rat_gold_closets

Skill      XL: |  1  2 |
---------------+-------+-----
Polearms       | 4 |  4.5
Fighting       | |  2.7
Armour         | |  0.6
Dodging        | |  2.6
Spellcasting   | |  2.0
Charms         | |  3.2

Action                   || total
-------------------------++-------
Melee: Spear             ||    80
 Stab: Sleeping          ||     2
Armor: Leather armour    ||    16
Dodge: Dodged            ||    28
